Map: Deathaura LE

Players

Geralt (Gerald)

  • Race: Protoss Protoss
  • League: Grandmaster
  • Spawn Location: 5:00

SKillous - Winner!

  • Race: Protoss Protoss
  • League: Grandmaster
  • Spawn Location: 11:00

Event: StayAtHome Story Cup #3

VOD

Have the link to the VOD?

Description

Time

  • Played on: March 11, 2021, 9:37 a.m.
  • Length: 9:24

All games in this series

Show
View Real Time Build Order
Export as new Build Order

Geralt Protoss 

Build Orders:  

Get SALT Encoding   

  12  0:00  Probe  
  13  0:12  Probe  
  14  0:17  Pylon  
  14  0:24  Probe (Chrono Boost)  
  16  0:36  Probe (Chrono Boost)  
  16  0:38  Gateway  
  16  0:42  Probe (Chrono Boost)  
  16  0:46  Assimilator  
  17  0:51  Probe  
  17  0:56  Assimilator  
  18  1:03  Probe (Chrono Boost)  
  19  1:12  Gateway  
  19  1:13  Probe (Chrono Boost)  
  19  1:18  Probe (Chrono Boost)  
  21  1:27  Cybernetics Core  
  21  1:31  Probe  
  22  1:37  Pylon  
  22  1:43  Probe  
  23  1:55  Probe  
  24  2:03  Stalker x2, Warp Gate (Chrono Boost)  
  24  2:08  Probe  
  29  2:14  Pylon  
  29  2:20  Probe  
  30  2:30  Pylon  
  30  2:34  Adept x2  
  34  2:38  Probe  
  35  2:50  Probe  
  36  2:59  Nexus  
  36  3:07  Probe  
  36  3:09  Pylon  
  37  3:13  Shield Battery  
  37  3:20  Shield Battery  
  37  3:26  Shield Battery  
  35  3:36  Probe  
  35  3:39  Twilight Council  
  36  3:47  Stalker  
  36  3:48  Probe  
  36  3:52  Stalker  
  39  4:01  Probe  
  36  4:04  Pylon  
  36  4:06  Gateway  
  36  4:13  Probe  
  37  4:32  Stalker  
  37  4:35  Stalker  
  39  4:42  Probe  
  34  4:52  Stalker  
  34  4:54  Probe, Stalker  
  34  4:56  Shield Battery  
  34  5:06  Probe  
  34  5:07  Stalker  
  32  5:16  Stalker  
  32  5:19  Probe (Chrono Boost)  
  34  5:23  Probe (Chrono Boost), Stalker  
  34  5:28  Blink (Chrono Boost)  
  34  5:32  Probe (Chrono Boost)  
  35  5:41  Stalker  
  35  5:48  Stalker  
  30  5:59  Probe x2  
  32  6:05  Stalker  
  32  6:17  Stalker  
  32  6:18  Sentry  
  34  6:43  Nexus  
  34  6:48  Probe  
  35  6:54  Stalker  
  35  6:58  Sentry  
  39  7:03  Pylon  
  39  7:21  Probe (Chrono Boost)  
  40  7:23  Stalker x2  
  40  7:29  Stalker  
  47  7:37  Probe (Chrono Boost)  
  47  7:43  Robotics Facility  
  48  7:59  Probe x2 (Chrono Boost)  
  49  8:08  Probe (Chrono Boost)  
  49  8:09  Pylon  
  49  8:10  Probe (Chrono Boost)  
  51  8:13  Probe (Chrono Boost)  
  51  8:19  Probe  
  53  8:25  Probe  
  54  8:31  Probe  
  54  8:33  Immortal (Chrono Boost)  
  55  8:39  Stalker, Robotics Bay  
  61  8:46  Stalker  
  63  8:49  Pylon  
  63  8:51  Assimilator  
  63  9:03  Forge  
Show
View Real Time Build Order
Export as new Build Order

SKillous Protoss - Winner!

Build Orders:  

Get SALT Encoding   

  12  0:00  Probe  
  13  0:12  Probe  
  14  0:17  Pylon  
  14  0:24  Probe (Chrono Boost)  
  15  0:36  Probe (Chrono Boost), Gateway  
  16  0:42  Assimilator  
  16  0:45  Probe (Chrono Boost)  
  17  0:53  Probe (Chrono Boost)  
  17  0:54  Assimilator  
  18  1:05  Probe (Chrono Boost)  
  18  1:09  Gateway  
  19  1:13  Probe (Chrono Boost)  
  20  1:20  Probe  
  20  1:25  Cybernetics Core  
  21  1:32  Probe  
  22  1:38  Pylon  
  22  1:44  Probe  
  23  1:56  Probe  
  24  2:02  Stalker  
  24  2:04  Stalker  
  24  2:05  Warp Gate  
  28  2:14  Pylon  
  29  2:26  Pylon  
  28  2:32  Stalker  
  28  2:34  Stalker  
  32  2:55  Nexus  
  32  2:58  Probe  
  33  3:02  Sentry  
  33  3:04  Sentry  
  37  3:10  Probe  
  38  3:16  Pylon  
  38  3:22  Probe  
  39  3:34  Probe, Twilight Council  
  39  3:40  Pylon  
  40  3:46  Probe  
  38  3:48  Pylon  
  38  3:54  Stalker  
  35  4:02  Stalker  
  35  4:11  Probe (Chrono Boost)  
  35  4:13  Probe (Chrono Boost)  
  37  4:21  Sentry  
  37  4:22  Probe (Chrono Boost)  
  40  4:24  Probe (Chrono Boost)  
  40  4:29  Probe  
  42  4:33  Probe  
  43  4:41  Probe  
  43  4:45  Stalker  
  45  4:49  Stalker  
  45  4:50  Probe  
  47  4:54  Probe  
  46  5:05  Robotics Facility  
  44  5:13  Probe, Stalker  
  45  5:20  Stalker  
  45  5:21  Probe  
  46  5:25  Probe  
  45  5:33  Probe  
  46  5:37  Probe (Chrono Boost)  
  46  5:40  Stalker  
  49  5:47  Stalker  
  49  5:49  Probe (Chrono Boost)  
  53  5:50  Probe (Chrono Boost)  
  47  5:58  Probe (Chrono Boost)  
  47  6:00  Probe (Chrono Boost)  
  47  6:04  Probe (Chrono Boost), Stalker  
  45  6:09  Probe (Chrono Boost)  
  49  6:15  Observer (Chrono Boost)  
  49  6:16  Probe (Chrono Boost)  
  51  6:19  Twilight Council, Forge  
  51  6:21  Probe (Chrono Boost), Assimilator  
  51  6:23  Assimilator  
  51  6:24  Probe (Chrono Boost), Shield Battery  
  51  6:25  Pylon  
  53  6:28  Immortal (Chrono Boost)  
  53  6:31  Probe  
  58  6:37  Stalker, Sentry  
  62  6:44  Shield Battery  
  62  6:45  Pylon  
  62  6:50  Protoss Ground Weapons Level 1 (Chrono Boost), Pylon  
  62  6:53  Blink (Chrono Boost)  
  63  7:04  Immortal (Chrono Boost)  
  67  7:13  Gateway  
  67  7:14  Gateway  
  66  7:27  Nexus  
  66  7:30  Pylon  
  66  7:31  Probe  
  66  7:34  Sentry  
  69  7:38  Stalker  
  69  7:39  Observer  
  72  7:44  Probe  
  72  7:50  Probe  
  74  7:52  Gateway  
  74  7:53  Gateway  
  74  7:54  Pylon  
  74  7:57  Probe  
  75  8:02  Stalker  
  75  8:03  Probe  
  75  8:04  Stalker  
  80  8:09  Probe  
  81  8:15  Probe  
  81  8:16  Gateway  
  81  8:18  Stalker  
  83  8:21  Stalker  
  81  8:42  Pylon  
  81  8:43  Probe  
  81  8:46  Stalker x4  
  81  8:47  Stalker  
  92  8:51  Photon Cannon  
  92  9:01  Photon Cannon  
  92  9:04  Photon Cannon  
Tags
 
Add a new tag
Caveats
  • Supply blocks, unpowered buildings, or Contaminate may cause inaccurate times.
  • Supply counts are checked every 10 seconds.